 Dungeon Crawl Stone Soup version 0.15.2 (webtiles) character file.

209 thetruenatureoffist the Insei (level 5, -2/41 HPs)
             Began as a Mummy Monk on Sept 21, 2015.
             Slain by an iguana (6 damage)
             ... on Level 4 of the Dungeon.
             The game lasted 00:22:13 (4473 turns).

thetruenatureoffist the Insei (Mummy Monk)          Turns: 4473, Time: 00:22:14

HP  -2/41        AC  6     Str 14      XL: 5   Next: 55%
MP   5/5         EV 13     Int  9      God:
Gold 245         SH  0     Dex 15      Spells:  0 memorised,  4 levels left

rFire  x . .     SeeInvis .       - Unarmed
rCold  + . .     Clarity  .     (no armour)
rNeg   + + +     rCorr    .     (no shield)
rPois  +         rRot     +     (no helmet)
rElec  .         Spirit   .     a - +2 cloak
SustAb .         Warding  .     (no gloves)
rMut   .         Stasis   .     m - +2 pair of boots
Gourm  .                        (no amulet)
MR     .....                    (no ring)
                                (no ring)

@: not resistant to hostile enchantments, unstealthy
A: no food or potions, fire vulnerability, restore body, cold resistance 1,
negative energy resistance 3, poison resistance, torment resistance, unbreathing
a: no special abilities


You were on level 4 of the Dungeon.
You were not hungry.

You visited 1 branch of the dungeon, and saw 4 of its levels.

You collected 245 gold pieces.


Innate Abilities, Weirdness & Mutations

You do not eat or drink.
Your flesh is vulnerable to fire.
Your flesh is cold resistant.
You are immune to negative energy.
Your system is resistant to poisons.
You are immune to unholy pain and torment.
You can survive without breathing.


   Skills:
 - Level 3.0 Fighting
 - Level 2.4 Dodging
 - Level 1.5 Stealth
 + Level 5.7 Unarmed Combat


You had 4 spell levels left.
You didn't know any spells.

Inventory:

Armour
 a - a +2 cloak (worn)
 i - a +0 large shield
 m - a +2 pair of boots (worn)
 o - a gold dragon hide (quivered) {time to leave them all beeehiiiiiinnnnd}
Comestibles
 b - 2 meat rations
 f - 2 royal jellies
 g - a bread ration
 l - a slice of pizza
 p - a beef jerky
Scrolls
 d - 2 scrolls of magic mapping
 e - a scroll of random uselessness
 h - a scroll of fog
Jewellery
 j - an uncursed ring of fire
 q - a cursed +3 ring of intelligence {unknown}

Dungeon Overview and Level Annotations

Branches:
Dungeon (4/15)
 Temple: D:4-7

Altars:
Nemelex Xobeh

Annotations:
D:3 exclusion: 2 downstairs
D:4 magipi's ghost, average HaBe

#.# #.# #.# # #.# #
#.# ######## #.#
#####.....## #.#
#.........#.
#l######...........
#.@o%ooo?..........
########....#......
#....######. #....#
## ######


You could see an iguana and 4 orcs.


Message History

Your +1 pair of boots glows green for a moment.
The orc hits you with a club.
The iguana hisses menacingly.
The iguana barely misses you.
Read which item? (? for menu, Esc to quit)
Okay, then.
You closely miss the iguana.
The iguana is moderately wounded.
The orc wizard casts a spell.
The orc wizard flickers and vanishes!
Deactivating autopickup; reactivate with Ctrl-A.
You hit the iguana.
The iguana is severely wounded.
The iguana bites you but does no damage.
The orc barely misses you.
You barely miss the iguana.
The iguana is severely wounded.
The iguana bites you. The orc hits you with a club.
You closely miss the iguana.
The iguana is severely wounded.
The iguana bites you!
* * * LOW HITPOINT WARNING * * *
The orc hits you with a club.
* * * LOW HITPOINT WARNING * * *
Read which item? (? for menu, Esc to quit)
Okay, then.
You hit the iguana but do no damage.
The iguana is severely wounded.
The iguana bites you.
You die...

Action                   |  1- 3 |  4- 6 || total
-------------------------+-------+-------++-------
Melee: Unarmed           |   149 |   167 ||   316
  Use: Scroll            |       |     8 ||     8
 Stab: Sleeping          |     1 |     7 ||     8

Vault maps used:
D:1:      minmay_arrival_three_doors, roderic_bipointed_swastika, hex_tiny,
          columned_hall_lemuel
D:2:      first_bread, minmay_distorted
D:3:      serial_bayou_pond_e, minivault_23
D:4:      minmay_door_path, lemuel_coloured_pillars_altar

Notes
Turn   | Place    | Note
--------------------------------------------------------------
     0 | D:1      | thetruenatureoffist, the Mummy Monk, began the quest for the Orb.
     0 | D:1      | Reached XP level 1. HP: 18/18 MP: 1/1
   256 | D:1      | Reached XP level 2. HP: 18/24 MP: 2/2
   906 | D:2      | Reached skill level 4 in Unarmed Combat
  1147 | D:2      | Reached XP level 3. HP: 29/29 MP: 3/3
  1823 | D:1      | HA HA HA
  2063 | D:3      | Reached XP level 4. HP: 22/35 MP: 4/4
  2506 | D:3      | Reached skill level 5 in Unarmed Combat
  2584 | D:3      | ogrepowered
  3031 | D:4      | Noticed magipi's ghost (average HaBe)
  3093 | D:3      | Reached XP level 5. HP: 41/41 MP: 5/5
  4079 | D:4      | Found a sparkling altar of Nemelex Xobeh.
  4472 | D:4      | HP: 4/41 [orc/club (3)]
  4473 | D:4      | Slain by an iguana

Vanquished Creatures
  An orc wizard (D:3)
  An iguana (D:3)
  A worker ant (D:3)
  3 adders
  2 gnolls (D:1)
  A worm (D:4)
  A giant gecko (D:2)
  7 orcs
  11 bats
  A bat skeleton (D:4)
  A giant cockroach (D:4)
  6 goblins
  10 hobgoblins
  3 jackals (D:1)
  3 quokkas
  A ball python (D:3)
  4 giant newts
  A gnoll skeleton (D:4)
  10 kobolds
  A kobold skeleton (D:4)
  An orc skeleton (D:4)
  10 rats
  A rat skeleton (D:4)
81 creatures vanquished.
